Map: [ESL] Alcyone

Players

Dark - Winner!

  • Race: Zerg Zerg
  • Spawn Location: 1:00

ByuN

  • Race: Terran Terran
  • Spawn Location: 7:00

Event: ESL Spring 2024 Finals

VOD

Have the link to the VOD?

Description

Time

  • Played on: June 1, 2024, 5:46 p.m.
  • Length: 19:38

All games in this series

Show
View Real Time Build Order
Export as new Build Order

Dark Zerg - Winner!

Build Orders: Hatch First 

Get SALT Encoding   

  12  0:00  Drone  
  13  0:12  Overlord  
  13  0:18  Drone  
  14  0:31  Drone x2  
  16  0:49  Hatchery  
  15  0:53  Drone  
  15  0:55  Drone  
  17  0:59  Drone  
  18  1:09  Extractor  
  17  1:14  Spawning Pool  
  17  1:17  Drone  
  17  1:21  Drone  
  18  1:28  Drone  
  19  1:39  Drone  
  20  1:50  Drone  
  21  2:01  Queen x2  
  23  2:02  Zergling x4  
  27  2:09  Metabolic Boost  
  27  2:11  Zergling x2  
  27  2:12  Overlord  
  28  2:24  Spore Crawler  
  28  2:26  Zergling x2  
  28  2:31  Zergling x2  
  28  2:42  Queen  
  30  2:48  Queen, Overlord  
  33  2:52  Overlord  
  33  2:59  Drone x2  
  34  3:07  Drone x2  
  34  3:08  Zergling x4  
  38  3:18  Zergling x4  
  40  3:30  Zergling x4  
  40  3:31  Drone x2  
  44  3:40  Drone  
  42  3:59  Drone x6  
  46  4:04  Drone x2  
  46  4:08  Drone  
  46  4:09  Drone  
  50  4:12  Hatchery  
  50  4:15  Queen  
  50  4:17  Drone, Overlord  
  52  4:24  Overlord  
  52  4:29  Overlord  
  52  4:35  Lair  
  52  4:36  Roach Warren  
  52  4:37  Drone  
  52  4:41  Drone  
  52  4:43  Drone  
  52  4:44  Drone x2  
  56  4:46  Drone  
  56  4:50  Drone x2  
  56  4:51  Drone  
  60  4:53  Drone  
  60  4:59  Drone  
  62  5:01  Extractor  
  62  5:05  Drone  
  62  5:12  Drone, Extractor  
  62  5:15  Evolution Chamber  
  62  5:16  Evolution Chamber  
  62  5:20  Roach x5  
  69  5:25  Roach x3  
  69  5:26  Drone  
  76  5:30  Drone  
  76  5:33  Drone  
  78  5:37  Drone  
  78  5:40  Drone  
  78  5:42  Zerg Missile Weapons Level 1  
  80  5:43  Drone  
  80  5:48  Overlord  
  81  5:50  Overlord  
  81  5:51  Overlord  
  81  5:52  Zerg Ground Armor Level 1  
  81  6:01  Drone  
  81  6:02  Overlord x2  
  81  6:04  Extractor  
  81  6:05  Glial Reconstitution, Extractor  
  81  6:08  Drone x7  
  81  6:10  Drone  
  87  6:22  Drone x4  
  91  6:26  Drone x2, Extractor  
  91  6:28  Roach  
  91  6:29  Roach x3  
  100  6:37  Drone  
  100  6:38  Drone x2  
  100  6:39  Drone x2  
  105  6:43  Roach  
  107  6:50  Overlord  
  107  6:52  Hatchery  
  116  6:54  Roach x6  
  118  7:04  Roach  
  118  7:06  Overlord x4  
  120  7:09  Roach x2  
  120  7:15  Ravager x2  
  125  7:16  Ravager  
  125  7:18  Roach  
  125  7:19  Overlord  
  129  7:27  Roach x2  
  129  7:29  Ravager  
  132  7:30  Ravager  
  132  7:31  Roach x8  
  149  7:37  Overseer, Nydus Network  
  149  7:41  Roach x2  
  156  7:44  Roach x2  
  154  7:51  Roach x2  
  154  7:52  Roach  
  154  7:53  Roach x4  
  154  7:55  Overlord  
  166  7:58  Overlord  
  166  8:02  Overlord  
  172  8:05  Roach x3  
  172  8:12  Overlord, Roach  
  174  8:14  Overlord  
  174  8:15  Roach x2  
  178  8:22  Nydus Canal  
  178  8:26  Roach x5  
  188  8:28  Roach  
  188  8:34  Roach x4  
  187  8:39  Nydus Canal  
  187  8:40  Roach x2  
  183  8:43  Ravager x3  
  183  8:46  Roach x2  
  188  8:51  Roach x2  
  188  8:54  Roach  
  191  8:56  Roach x3  
  191  8:58  Roach  
  191  8:59  Roach  
  189  9:05  Roach x3  
  189  9:07  Roach  
  176  9:11  Roach x3  
  176  9:16  Roach x2  
  175  9:17  Roach  
  175  9:24  Drone x3  
  175  9:25  Drone x4  
  175  9:30  Zerg Missile Weapons Level 2  
  182  9:32  Drone x2  
  184  9:44  Zerg Ground Armor Level 2  
  184  9:48  Extractor x2  
  182  9:53  Roach  
  167  10:00  Roach x12  
  167  10:03  Roach  
  167  10:06  Roach x3  
  188  10:10  Roach  
  188  10:13  Overseer, Roach x2  
  188  10:14  Roach  
  181  10:25  Roach x2  
  181  10:27  Roach x4  
  191  10:31  Roach  
  191  10:32  Tunneling Claws, Burrow  
  193  10:36  Ravager x2  
  195  10:47  Hatchery, Ravager  
  195  10:48  Ravager  
  196  10:50  Ravager  
  196  10:55  Infestation Pit  
  196  11:16  Hydralisk Den  
  192  11:22  Roach x6  
  192  11:24  Roach  
  200  11:31  Hive  
  200  11:33  Nydus Canal  
  200  11:46  Grooved Spines  
  201  11:55  Overlord  
  201  11:56  Roach x6  
  201  11:57  Roach x3  
  197  12:04  Hatchery  
  197  12:06  Roach x6  
  197  12:07  Roach x5  
  194  12:09  Roach x4  
  194  12:12  Roach x3  
  194  12:13  Roach x2  
  196  12:16  Roach x2  
  196  12:18  Roach x6  
  196  12:19  Ravager x2  
  200  12:27  Ravager x7  
  200  12:29  Roach x5  
  197  12:31  Roach  
  197  12:36  Muscular Augments, Roach x2  
  197  12:37  Roach x4  
  197  12:49  Roach x8  
  179  12:52  Hydralisk x3  
  179  12:54  Roach x2  
  179  12:56  Roach x3  
  180  13:03  Hydralisk  
  180  13:04  Hydralisk x2  
  168  13:06  Zergling x14  
  168  13:10  Roach x3  
  168  13:11  Roach  
  179  13:18  Roach x12  
  179  13:22  Nydus Canal, Hydralisk  
  180  13:28  Hydralisk x4  
  180  13:30  Roach  
  180  13:31  Ravager  
  180  13:33  Roach  
  193  13:35  Roach  
  193  13:41  Roach x3  
  182  13:51  Roach x4  
  182  13:53  Roach  
  182  13:55  Roach  
  168  14:01  Roach x2  
  168  14:02  Roach  
  140  14:04  Roach  
  138  14:15  Viper x2  
  131  14:18  Hydralisk x2  
  131  14:23  Roach x2  
  131  14:24  Roach  
  139  14:32  Hydralisk x3  
  139  14:35  Drone x2  
  145  14:44  Roach x2  
  147  14:48  Roach x2  
  151  14:54  Roach x3  
  151  14:55  Roach x2  
  151  14:57  Nydus Canal  
  147  15:04  Zerg Missile Weapons Level 3  
  147  15:05  Drone x3  
  138  15:08  Drone  
  138  15:09  Drone  
  138  15:10  Drone  
  138  15:13  Roach  
  141  15:17  Hydralisk x2  
  141  15:19  Hydralisk  
  145  15:21  Hydralisk  
  145  15:24  Hydralisk  
  135  15:38  Hydralisk x5  
  141  15:43  Roach x2  
  143  15:51  Roach x4  
  143  15:54  Hydralisk  
  143  15:56  Hydralisk  
  153  16:01  Ravager  
  153  16:04  Drone x5  
  155  16:06  Unknown, Roach  
  152  16:12  Nydus Canal  
  152  16:16  Zerg Ground Armor Level 3  
  152  16:20  Hydralisk x2  
  156  16:27  Hydralisk x2  
  156  16:30  Roach  
  160  16:34  Hydralisk  
  160  16:36  Hydralisk  
  160  16:39  Hydralisk x3  
  158  16:44  Hydralisk x2  
  158  16:45  Hydralisk  
  170  16:56  Hydralisk  
  170  16:57  Roach x6  
  170  16:59  Roach  
  182  17:03  Roach x2  
  184  17:14  Zergling x8, Lurker Den  
  184  17:15  Zergling x12  
  191  17:21  Nydus Canal  
  191  17:24  Zergling x4  
  189  17:37  Roach  
  189  17:38  Hydralisk x2  
  192  17:53  Hydralisk x4  
  178  18:05  Hydralisk x2  
  178  18:06  Hydralisk x8, Roach  
  178  18:10  Roach x3  
  174  18:18  Drone x21  
  144  18:31  Hydralisk x3  
  144  18:33  Roach  
  152  18:39  Hatchery, Roach  
  151  18:58  Hydralisk x3  
  151  18:59  Hydralisk  
  145  19:08  Hydralisk  
  145  19:09  Roach x2  
  142  19:11  Roach  
  142  19:13  Roach  
  142  19:14  Roach  
  146  19:18  Roach  
Show
View Real Time Build Order
Export as new Build Order

ByuN Terran 

Build Orders:  

Get SALT Encoding   

  12  0:00  SCV  
  13  0:12  SCV  
  14  0:17  Supply Depot  
  14  0:24  SCV  
  15  0:39  Barracks  
  15  0:41  Refinery  
  15  0:52  Barracks  
  15  0:56  SCV  
  16  1:08  SCV  
  17  1:20  SCV  
  18  1:26  Reaper  
  18  1:32  Orbital Command  
  19  1:34  Supply Depot  
  19  1:40  Reaper  
  20  1:58  SCV  
  20  2:00  Reaper  
  22  2:10  SCV  
  23  2:15  Command Center  
  23  2:19  Reaper  
  24  2:24  SCV  
  24  2:26  Refinery  
  25  2:36  SCV  
  26  2:48  SCV  
  27  3:04  Command Center  
  27  3:05  SCV, Factory  
  28  3:08  Barracks Reactor  
  28  3:17  SCV  
  29  3:29  Orbital Command, SCV  
  30  3:41  SCV  
  31  3:52  Barracks Reactor  
  31  3:53  Hellion  
  31  3:54  SCV  
  35  3:55  SCV  
  35  3:59  Marine x2  
  36  4:05  Bunker  
  36  4:06  SCV  
  36  4:07  SCV  
  37  4:15  Hellion  
  39  4:17  Marine x2  
  39  4:18  SCV  
  39  4:19  Orbital Command, SCV  
  43  4:31  Engineering Bay x2  
  43  4:32  SCV  
  43  4:33  SCV  
  45  4:39  Marine x2  
  45  4:43  Barracks Tech Lab  
  45  4:45  SCV x2  
  49  4:49  Hellion  
  49  4:51  Hellion  
  53  4:57  SCV x2  
  53  4:58  SCV  
  56  5:00  Terran Infantry Weapons Level 1  
  56  5:01  Supply Depot  
  56  5:02  Terran Infantry Armor Level 1  
  56  5:04  Stimpack  
  56  5:10  Supply Depot, SCV x3  
  59  5:17  Starport  
  59  5:18  Orbital Command  
  59  5:19  Hellion  
  61  5:22  Marine x3  
  61  5:23  Hellion  
  61  5:26  SCV x2  
  61  5:28  Supply Depot  
  68  5:38  SCV x2  
  68  5:40  Marine x3  
  68  5:42  Supply Depot  
  73  5:52  Refinery  
  73  5:53  Refinery  
  73  5:54  Armory  
  73  5:57  Factory Tech Lab  
  73  6:00  Marine x3  
  73  6:03  SCV  
  76  6:04  Supply Depot  
  76  6:08  Medivac x2  
  76  6:09  Bunker  
  76  6:11  SCV x2  
  82  6:15  SCV  
  82  6:17  Siege Tank, Marine  
  88  6:28  SCV  
  88  6:29  SCV x2  
  88  6:31  Supply Depot  
  90  6:35  Marine x3  
  90  6:37  Command Center  
  93  6:41  SCV x3  
  96  6:48  Terran Vehicle Weapons Level 1  
  96  6:51  Starport Reactor, Barracks  
  96  6:53  SCV x3  
  99  6:54  Siege Tank  
  99  6:55  Barracks, Terran Infantry Weapons Level 2  
  99  6:57  Terran Infantry Armor Level 2  
  99  7:00  Barracks  
  102  7:05  SCV x3  
  102  7:08  Combat Shield, Supply Depot  
  105  7:10  Supply Depot  
  105  7:15  Marine  
  105  7:16  Marine x2  
  105  7:17  SCV  
  109  7:25  SCV x2  
  109  7:26  Supply Depot  
  109  7:27  Supply Depot  
  109  7:29  SCV  
  101  7:31  Siege Tank  
  101  7:33  Marine x2  
  101  7:34  Marine, Refinery  
  101  7:35  Refinery  
  101  7:37  SCV x2  
  108  7:41  SCV, Marine x2  
  108  7:43  Barracks Reactor  
  110  7:44  Medivac x2  
  110  7:49  SCV  
  110  7:50  SCV  
  117  7:51  Marine x3  
  117  7:53  SCV  
  121  7:59  Marine x2, Barracks Reactor  
  121  8:01  SCV  
  121  8:03  Siege Tank, Bunker  
  126  8:09  Marine x3  
  126  8:12  Orbital Command  
  129  8:14  Supply Depot  
  129  8:16  Marine x2  
  131  8:20  Marine x2  
  133  8:27  Marine x3  
  133  8:29  Starport Reactor  
  133  8:31  Factory  
  133  8:34  Marine x2  
  133  8:38  Marine x2  
  133  8:40  Marine  
  133  8:41  Marine  
  135  8:44  Siege Tank, Marine  
  135  8:45  Marine x2  
  135  8:52  Marine x2  
  136  8:55  Bunker  
  136  8:56  Marine x2  
  136  8:58  Marine x2  
  136  9:02  Marine x2  
  140  9:03  Marine  
  140  9:07  SCV x2  
  123  9:10  Marine x2  
  123  9:14  Marine x2  
  123  9:15  Marine  
  123  9:16  Siege Tank, Marine  
  112  9:18  Orbital Command  
  112  9:19  SCV x2  
  112  9:20  Marine x3  
  115  9:26  Factory Tech Lab  
  115  9:28  Marine x2  
  117  9:31  SCV  
  117  9:32  SCV, Marine x2, Terran Infantry Weapons Level 3  
  117  9:33  Marine  
  117  9:34  Marine, Medivac  
  117  9:35  Medivac  
  117  9:38  Marine  
  127  9:42  Orbital Command  
  127  9:43  SCV  
  132  9:45  Siege Tank  
  132  9:47  Marine x2  
  132  9:48  Marine x2  
  132  9:49  Marine x2  
  134  9:57  Marine x3  
  134  10:02  SCV x2  
  134  10:04  Orbital Command  
  134  10:05  Marine x3  
  133  10:12  SCV  
  121  10:14  SCV x2  
  121  10:18  Marine x2  
  121  10:22  Marine x3  
  121  10:26  SCV  
  126  10:30  SCV  
  126  10:31  SCV  
  126  10:34  Marine  
  126  10:35  Marine x3  
  131  10:38  Terran Infantry Armor Level 3  
  131  10:41  Siege Tank  
  134  10:43  SCV x3  
  137  10:50  Siege Tank  
  137  10:53  Marine x4  
  137  10:54  Marine x2  
  137  10:55  SCV x2, Marine x3  
  151  10:58  SCV  
  151  11:03  Terran Vehicle Weapons Level 2  
  152  11:06  Medivac x2  
  152  11:07  SCV x2  
  152  11:10  SCV  
  152  11:11  Marine x2  
  160  11:15  Barracks  
  160  11:16  Barracks  
  160  11:17  Barracks  
  155  11:27  Marine x4  
  155  11:29  Siege Tank  
  155  11:31  Marine x2  
  164  11:34  Supply Depot  
  164  11:35  Siege Tank, Marine x3  
  164  11:36  Supply Depot x2, Missile Turret  
  164  11:38  Medivac  
  172  11:48  Missile Turret  
  172  11:56  Marine x5  
  172  11:58  Marine x2  
  172  12:00  Marine  
  172  12:01  Siege Tank, Marine  
  183  12:06  Barracks Tech Lab x3  
  183  12:07  Siege Tank  
  182  12:14  Marine x5  
  181  12:16  Marine x2  
  181  12:18  Marine  
  181  12:19  Marine  
  177  12:27  Marine  
  177  12:28  Marine x2  
  179  12:31  Marine x5  
  179  12:33  Siege Tank  
  179  12:34  Marine  
  179  12:38  Marine  
  179  12:39  Siege Tank  
  179  12:40  Marine  
  179  12:41  Marine  
  183  12:50  Orbital Command  
  150  12:53  Marine  
  150  12:54  Marine  
  142  12:59  Marine  
  142  13:00  Marine  
  142  13:01  Marine  
  142  13:04  Marine  
  142  13:05  Siege Tank  
  130  13:11  Siege Tank  
  130  13:12  Marauder x2  
  135  13:13  Marauder x2  
  135  13:15  Marine  
  135  13:18  SCV x3  
  136  13:20  SCV  
  136  13:24  Marine x3  
  140  13:27  Marine x3  
  140  13:32  Marine  
  144  13:35  Marauder  
  144  13:38  Marauder x2  
  146  13:43  Marine x2  
  146  13:45  Smart Servos  
  146  13:46  Marine  
  146  13:47  Marine x4  
  128  14:01  Marauder x2  
  105  14:03  Marauder x2  
  105  14:06  Marine x2  
  107  14:10  Marine x2  
  107  14:14  Marine x2  
  97  14:21  Marine x2  
  97  14:22  Marine x2  
  97  14:24  Marine x2  
  90  14:33  SCV x2  
  90  14:36  Marine x2  
  93  14:41  SCV  
  93  14:42  SCV  
  93  14:45  Marine x2  
  96  14:46  SCV x2  
  96  14:49  Marine  
  96  14:50  Marine x2  
  102  14:55  Marine x3  
  93  15:03  Marauder x2  
  93  15:04  Marauder x2  
  93  15:05  Marine x2  
  99  15:07  Marine x2  
  99  15:09  Marine  
  99  15:11  Siege Tank  
  99  15:14  Medivac  
  99  15:20  Marine  
  101  15:24  Marine, Marauder x2  
  104  15:34  Medivac  
  96  15:35  Marine x2  
  96  15:36  Marine  
  96  15:38  SCV x2  
  95  15:44  Marine, Medivac  
  95  15:45  SCV  
  96  15:50  SCV  
  96  15:51  SCV  
  96  15:54  Marine  
  98  15:57  Marine x2  
  98  15:58  SCV  
  98  16:00  Marine x2  
  98  16:01  Concussive Shells  
  98  16:04  Marine  
  104  16:17  Orbital Command  
  104  16:18  Medivac x2  
  108  16:25  Marine  
  108  16:26  Marine x5  
  112  16:34  Marine x4  
  112  16:39  Marine  
  115  16:43  Marine  
  115  16:44  Marine x4  
  118  16:49  Marine  
  118  16:51  Marine  
  118  16:52  Marine x2  
  121  16:54  Missile Turret  
  121  17:02  Marine  
  121  17:07  Marine x7  
  129  17:09  Marine x2  
  129  17:10  Marine  
  129  17:15  Orbital Command  
  130  17:20  Marine  
  131  17:25  Marine x7  
  131  17:27  Marine x3  
  133  17:32  Medivac x2  
  133  17:34  Orbital Command  
  134  17:38  Marine  
  134  17:42  Marine  
  134  17:43  Marine x6  
  142  17:45  Marine x3  
  141  17:56  Marine  
  140  18:00  Marine  
  140  18:01  Marine x2  
  140  18:04  Marine  
  140  18:05  Orbital Command  
  133  18:09  Marine  
  133  18:10  Marine x4  
  119  18:25  Marine x2  
  119  18:26  Marine x2  
  111  18:27  Medivac x2  
  111  18:34  Marine  
  111  18:36  Marine x2  
  111  18:40  Marine  
  111  18:41  Marine  
  115  18:42  Marine x2  
  113  18:51  Marine x4  
  113  18:52  Marine  
  113  18:55  Marine  
  108  18:57  Medivac x2  
  108  18:59  Marine x2  
  108  19:01  Marine  
  83  19:07  Marine x2  
  70  19:19  Marine  
Tags
 
Add a new tag
Caveats
  • Supply blocks, unpowered buildings, or Contaminate may cause inaccurate times.
  • Supply counts are checked every 10 seconds.